 Seeded DCSS version 0.30.0-5-g1a98f26d00 (webtiles) character file.

Game seed: 20230510 (custom seed)

173 Kazon the Sneak (level 5, -2/32 HPs)
             Began as an Octopode Conjurer on May 10, 2023.
             Slain by an adder (4 damage)
             ... in a sewer.
             The game lasted 00:15:31 (2231 turns).

Kazon the Sneak (Octopode Conjurer)                 Turns: 2231, Time: 00:15:31

Health: -2/32      AC:  1    Str:  9    XL:     5   Next: 53%
Magic:  7/8        EV: 12    Int: 20    God:
Gold:   143        SH:  3    Dex: 10    Spells: 5/8 levels left

rFire   . . .        e - +2 dagger (venom)
rCold   . . .        b - +0 buckler
rNeg    + . .        (helmet restricted)
rPois   .            (no amulet)
rElec   .            d - ring of positive energy
rCorr   .            (no ring)
SInv    .            (no ring)
Will    .....        (no ring)
Stlth   ++++         (no ring)
HPRegen 0.25/turn    (no ring)
MPRegen 0.11/turn    (no ring)
                     (no ring)

%: no passive effects
@: brilliant, about to teleport
A: almost no armour, amphibious, 8 rings, camouflage 1, gelatinous body 1,
nimble swimmer 1, tentacles
a: no special abilities


You were in a sewer.
You visited 1 branch of the dungeon, and saw 3 of its levels.
You also visited: Sewer.

You collected 143 gold pieces.

Inventory:

Hand Weapons
 c - a +2 whip of venom
 e - a +2 dagger of venom (weapon)
 l - a +2 whip of electrocution
Missiles
 f - 17 stones
 t - 4 atropa-tipped darts
Armour
 b - a +0 buckler (worn)
Jewellery
 d - a ring of positive energy (left tentacle)
Scrolls
 h - 3 scrolls of teleportation
 n - a scroll of blinking {unknown}
 p - 3 scrolls of identify {unknown}
 q - 2 scrolls of torment {unknown}
 s - a scroll of enchant armour {unknown}
Potions
 a - 3 potions of magic
 g - 2 potions of curing
 i - 3 potions of flight {unknown}
 j - 2 potions of brilliance
 k - 2 potions of might {unknown}
 m - a potion of berserk rage {unknown}
 o - a potion of mutation {unknown}
 r - a potion of lignification {unknown}
 u - a potion of haste {unknown}
 v - 2 potions of heal wounds {unknown}


   Skills:
 + Level 0.6 Fighting
 * Level 1.1 Short Blades
 + Level 0.7 Maces & Flails
 + Level 2.5 Dodging
 + Level 4.6 Stealth
 * Level 1.7 Shields
 + Level 2.4 Spellcasting
 + Level 4.6 Conjurations


You had 5 spell levels left.
You knew the following spells:

 Your Spells              Type           Power      Damage    Failure   Level
a - Magic Dart            Conj           100%       1d8       3%          1
b - Searing Ray           Conj           62%        2d6       5%          2

Your spell library contained the following spells:

 Spells                   Type           Power      Damage    Failure   Level
 Dazzling Flash           Conj/Hex       34%        N/A       26%         3
 Fulminant Prism          Conj/Hex       8%         3d7       65%         4
 Iskenderun's Mystic Bla  Conj/Tloc      17%        2d5       65%         4
 Cause Fear               Hex            1%         N/A       92%         4
 Dragon Form              Tmut           1%         N/A       100%        7
 Dragon's Call            Summ           1%         N/A       100%        9


Dungeon Overview and Level Annotations

Branches:
Dungeon (3/15)              Sewer (1/1)

Altars:
Wu Jian


Innate Abilities, Weirdness & Mutations

You cannot wear most types of armour.
You are amphibious.
You can wear up to eight rings at the same time.
Your skin changes colour to match your surroundings (Stealth+).
Your rubbery body absorbs attacks. (AC +1, EV +1)
You are camouflaged when in or above water. (Stealth+)
You have tentacles for arms and can constrict up to eight enemies at once.


Message History

Your grab misses the adder.
The adder is heavily wounded.
You hear an angry hiss. x4
The adder bites you.
You are poisoned.
The adder poisons you!
A ball python comes into view.
An adder comes into view.
You feel sick. You block the adder's attack.
The adder attacks as you move away! The adder bites you.
You are more poisoned.
The adder poisons you!
You feel sick. The bullfrog hits you! The adder closely misses you.
You hit the adder.
The adder looks as sick as possible!
You grab the adder.
The adder is almost dead.
You constrict the adder.
You kill the adder!
You feel sick. The bullfrog hits you!
* * * LOW HITPOINT WARNING * * *
A ball python comes into view.
The bullfrog misses you.
It was a potion of brilliance.
You feel clever all of a sudden.
You feel sick. The bullfrog hits you.
* * * LOW HITPOINT WARNING * * *
It was a potion of curing.
You feel better. The bullfrog barely misses you. The adder bites you.
* * * LOW HITPOINT WARNING * * *
The bullfrog closely misses you.
As you read the scroll labelled EFUSINNILES, it crumbles to dust.
You feel strangely unstable.
It was a scroll of teleportation.
The ball python hisses angrily.
The adder bites you.
* * * LOW HITPOINT WARNING * * *
The bullfrog hits you.
* * * LOW HITPOINT WARNING * * *
The adder barely misses you. The bullfrog hits you.
* * * LOW HITPOINT WARNING * * *
An adder comes into view.
The bullfrog closely misses you. The adder bites you.
You die...

####.........####
##........†.†....##
#.......#.....†..†#
##......##'##......##
#......###..##.....†#
##...÷## #..##....~##
#≈≈~≈≈≈# #####≈≈~≈≈≈#
#≈≈~≈≈≈# #≈≈~≈≈≈#
#≈≈≈~~≈# #@≈~≈≈≈#
#≈≈≈≈≈~# #FS~~≈≈#
#≈≈≈≈~~# #S≈≈~≈≈#
##÷†.~≈# #≈†≈~≈≈#
#~÷...≈# #≈S≈≈~≈#
#≈~...## #≈≈≈≈.≈#
#~~≈≈≈≈# #≈≈S≈.≈#
#~≈≈≈≈†# #≈≈S#~≈#
#≈~~≈≈≈# #≈≈≈~≈≈#


You could see a bullfrog, 2 adders and 3 ball pythons.

Vanquished Creatures
  7 river rats
  3 adders (Sewer)
  A worm (D:3)
  2 dart slugs
  8 endoplasms
  4 giant cockroaches (D:1)
  6 goblins
  4 hobgoblins
  2 jackals (D:2)
  2 quokkas
  13 ball pythons
  3 frilled lizards
  2 kobolds
  28 rats
85 creatures vanquished.

Notes
Turn   | Place    | Note
-------+----------+-------------------------------------------
     0 | D:1      | Kazon the Octopode Conjurer began the quest for the Orb.
     0 | D:1      | Reached XP level 1. HP: 11/11 MP: 3/3
   131 | D:1      | Reached XP level 2. HP: 17/17 MP: 0/5
   245 | D:1      | Learned a level 2 spell: Searing Ray
   345 | D:1      | Reached XP level 3. HP: 17/21 MP: 6/6
   367 | D:1      | Found a faded altar of an unknown god.
  1180 | D:3      | Found an ornate altar of the Wu Jian Council.
  1199 | D:3      | Found a glowing drain.
  1213 | D:3      | Reached XP level 4. HP: 8/27 MP: 1/7
  1229 | Sewer    | Entered a sewer
  1455 | Sewer    | Reached skill level 1 in Shields
  1830 | Sewer    | Reached XP level 5. HP: 26/32 MP: 8/8
  1840 | Sewer    | Reached skill level 1 in Short Blades
  2227 | Sewer    | HP: 1/32 [bullfrog (4)]
  2231 | Sewer    | Slain by an adder

Illustrated notes

Levels and vault maps discovered:
D:1:      minmay_arrival_split_and_join, layout_rooms,
          hellmonk_ecumenical_altar_zigzags
D:2:      layout_rooms, roderic_lattice_a, kennysheep_generic_room_12
D:3:      layout_basic, grunt_temple_overflow_forces_of_nature,
          mainiacjoe_overflow_catwalk, cheibrodos_sewer_entry_sluice
Sewer:    sewer_minmay_w

Skill      XL: |  1  2  3  4  5 |
---------------+----------------+-----
Stealth        | 3 4 |  4.6
Shields        | 1 |  1.7
Short Blades   | 1 |  1.1
Fighting       | |  0.6
Maces & Flails | |  0.7
Dodging        | |  2.5
Spellcasting   | |  2.4
Conjurations   | |  4.6

Action                     |  1- 3 |  4- 6 || total
---------------------------+-------+-------++-------
  Melee: Whip              |    48 |     1 ||    49
         Tentacles         |    11 |     2 ||    13
         Constrict         |    12 |     7 ||    19
         Punch             |     1 |       ||     1
         Dagger            |       |    34 ||    34
  Throw: Stone             |     2 |     2 ||     4
   Cast: Magic Dart        |    17 |    58 ||    75
         Searing Ray       |     1 |     1 ||     2
    Use: Potion            |       |     2 ||     2
         Scroll            |       |     1 ||     1
   Stab: Sleeping          |    12 |     3 ||    15
 Armour: Skin              |       |     2 ||     2
  Dodge: Dodged            |    14 |    21 ||    35
  Block: Buckler           |     3 |     3 ||     6
